 Dungeon Crawl Stone Soup version 0.25-a0-589-g1e14c549ee (webtiles) character file.

Game seed: 16277729012908788382, levelgen mode: deterministic

8 Esekla the Charlatan (level 2, 12/14 HPs)
             Began as a Spriggan Artificer on Mar 10, 2020.
             Got out of the dungeon alive.
             The game lasted 00:02:36 (303 turns).

Esekla the Charlatan (Spriggan Artificer)            Turns: 303, Time: 00:02:37

Health: 12/14      AC:  2    Str:  8    XL:     2   Next: 0%
Magic:  6/6        EV: 19    Int: 12    God:
Gold:   29         SH:  0    Dex: 16    Spells: 1/1 levels left

rFire    . . .     SeeInvis +   a - +0 short sword
rCold    . . .     Gourm    .   (shield restricted)
rNeg     . . .     Faith    .   b - +0 robe
rPois    .         Spirit   .   (helmet restricted)
rElec    .         Reflect  .   (no cloak)
rCorr    .         Harm     .   (gloves unavailable)
MR       .....                  (boots unavailable)
Stlth    ++........             g - amulet of inaccuracy (curse)
HPRegen  0.04/turn              (no ring)
MPRegen  0.10/turn              (no ring)

@: very quick
A: very small, unfitting armour, see invisible, herbivore, speed 3, slow
metabolism 2
a: no special abilities


You escaped.
You were not hungry.

You visited 1 branch of the dungeon, and saw 2 of its levels.

You collected 29 gold pieces.

Inventory:

Hand Weapons
 a - a +0 short sword (weapon)
Missiles
 j - 10 poisoned darts (quivered)
Armour
 b - a +0 robe (worn)
Jewellery
 g - a cursed amulet of inaccuracy (around neck)
Wands
 c - a wand of flame (15)
 d - a wand of enslavement (15)
 e - a wand of random effects (15)
Potions
 h - a potion of might {unknown}
 i - a potion of brilliance {unknown}
Comestibles
 f - 3 rations


   Skills:
 - Level 0.7 Fighting
 * Level 1.3 Short Blades
 * Level 3.9 Dodging
 + Level 1.5 Stealth
 - Level 4.0 Evocations


You had one spell level left.
You didn't know any spells.
Your spell library was empty.

Dungeon Overview and Level Annotations

Branches:
Dungeon (2/15)

Altars:
Nemelex Xobeh


Innate Abilities, Weirdness & Mutations

You are very small and have problems with some larger weapons.
You are too small for most types of armour.
You have supernaturally acute eyesight. (SInv)
You are a herbivore.
You cover ground extremely quickly.
You need to consume almost no food.


Message History

Found a ration.
Found 21 stones.
Found a mace and 24 stones.
You see here a ration.
f - 3 rations (gained 1)
An ooze and a goblin come into view.
The ooze quivers.
Really walk into that teleport trap?
You enter a teleport trap!
The teleport trap disappears.
Your surroundings suddenly seem different.
A rat comes into view.
A hobgoblin comes into view. It is wielding a +0 club.
Found 11 gold pieces.
A rat comes into view.
Found 7 gold pieces.
You now have 29 gold pieces (gained 11).
There is a fountain of clear blue water here.
There is a staircase leading out of the dungeon here.
Are you sure you want to leave the Dungeon?
This will make you lose the game!
You have escaped!

.r .#######... ... ......†..#
.$.. #####..###
....#############........##
#.....r.............#...#
###...##♣♣♣.♣♣♣##..l..†.#
#...# ♣⌠♣ #...#...#
##..♣♣♣♣♣.♣♣♣♣♣...#...#
#.....⌠.@.⌠.....######
#..♣♣♣♣♣.♣♣♣♣♣..# #..# ♣⌠♣
#††####
#####..##♣♣♣.♣♣♣##.....##
#.......................#####
#.....#######............##..
#.....# #.#..........##.#
#.....# ....#.........##.#
#.....# g............>.##.#


There were no monsters in sight!

Vanquished Creatures
  4 bats (D:1)
  A goblin (D:1)
  A hobgoblin (D:1)
  A frilled lizard (D:1)
7 creatures vanquished.

Notes
Turn   | Place    | Note
-------+----------+-------------------------------------------
     0 | D:1      | Esekla the Spriggan Artificer began the quest for the Orb.
     0 | D:1      | Reached XP level 1. HP: 9/9 MP: 4/4
    44 | D:1      | Reached XP level 2. HP: 14/14 MP: 6/6
   199 | D:2      | Found a sparkling altar of Nemelex Xobeh.
   303 | D:$      | Got out of the dungeon alive.

Levels and vault maps discovered:
D:1:      scummos_arrival_forest, layout_rooms
D:2:      layout_loops_cross, nemelex_spade_bored_becter

Action                   || total
-------------------------++-------
Melee: Short sword       ||    29
 Stab: Sleeping          ||     2
Armor: Robe              ||     9
Dodge: Dodged            ||    72

Table legend:
 A = Non-vault XP
 B = Vault XP
 C = Vault XP percentage of total XP
 D = Non-vault monster count
 E = Vault monster count
 F = Vault count percentage of total count
                 A         B        C        D         E       F
            +---------+---------+-------+---------+---------+-------
      Total |      12 |       0 |   0.0 |       7 |       0 |   0.0
            +---------+---------+-------+---------+---------+-------
        D:1 |      12 |       0 |   0.0 |       7 |       0 |   0.0
            +---------+---------+-------+---------+---------+-------
